 Dungeon Crawl Stone Soup version 0.24-a0-251-g44e327e (webtiles) character file.

Game seed: 17926911194304307396

29 Borgoz the Cutter (level 3, 0/24 HPs)
             Began as a Kobold Gladiator on Apr 16, 2019.
             Succumbed to an adder's poison
             ... on level 1 of the Dungeon.
             The game lasted 00:00:56 (881 turns).

Borgoz the Cutter (Kobold Gladiator)                 Turns: 881, Time: 00:00:57

Health: 0/24       AC:  2    Str: 12    XL:     3   Next: 32%
Magic:  3/3        EV: 16    Int:  9    God:
Gold:   34         SH:  0    Dex: 16    Spells: 2/2 levels left

rFire    . . .     SeeInvis .   a - +0 rapier
rCold    . . .     Gourm    .   (shield restricted)
rNeg     . . .     Faith    .   b - +0 leather armour
rPois    +         Spirit   .   c - +0 helmet
rElec    .         Reflect  .   (no cloak)
rCorr    .         Harm     .   (no gloves)
MR       .....                  (no boots)
Stlth    ++........             (no amulet)
HPRegen  0.08/turn              (no ring)
MPRegen  0.08/turn              (no ring)

@: lethally poisoned (0 -> -2)
A: small, claws 1, carnivore, deformed body, poison resistance, robust 1
a: no special abilities


You were on level 1 of the Dungeon.
You were completely stuffed.

You visited 1 branch of the dungeon, and saw 2 of its levels.

You collected 34 gold pieces.

Inventory:

Hand Weapons
 a - a +0 rapier (weapon)
Missiles
 d - 3 throwing nets (quivered)
Armour
 b - a +0 leather armour (worn)
 c - a +0 helmet (worn)
Scrolls
 e - a scroll of magic mapping {unknown}
 i - a scroll of immolation {unknown}
Potions
 j - a potion of lignification
Comestibles
 f - 3 rations


   Skills:
 + Level 2.5 Fighting
 + Level 4.4 Short Blades
 - Level 2.1 Throwing
 + Level 0.7 Armour
 + Level 3.9 Dodging
 + Level 1.5 Stealth


You had 2 spell levels left.
You didn't know any spells.
Your spell library was empty.

Dungeon Overview and Level Annotations

Branches:
Dungeon (2/15)

Altars:
Nemelex Xobeh


Innate Abilities, Weirdness & Mutations

You are small and have problems with some larger weapons.
You are carnivorous and can eat meat at any time.
You have sharp fingernails.
Armour fits poorly on your strangely shaped body.
Your system is resistant to poisons. (rPois)
You are robust. (+10% HP)


Message History

You feel less wooden.
Your +0 helmet unmelds from your body.
Your +0 leather armour unmelds from your body.
You feel sick. The adder bites you.
* * * LOW HITPOINT WARNING * * *
The hobgoblin misses you.
You hit the adder.
You kill the adder!
You have reached level 3!
Your experience leads to an increase in your attributes!
Increase (S)trength, (I)ntelligence, or (D)exterity?
You feel stronger. The hobgoblin hits you.
* * * LOW HITPOINT WARNING * * *
You puncture the hobgoblin!
You kill the hobgoblin!
* * * LOW HITPOINT WARNING * * *
You feel sick.
You see here a +0 dagger.
You die...

...# #...#.)....#####.# #.# ####
#.[.#†.........#.# #.#
#...#..........#.# #.### #
#...#..........#.#####.#.# #
#...######...............#
########†..#########'##.#####.#.#
.........#.......# #....# #.#.#
######..########.###.#..## #.#)#
.#...#.###.##..#@..).....# #.#.#
...#.#...#..#.##.###.#..## #.#.#
####.###.##.#..#.# #.#..# ##.#.#
#....#....#.##.#.# #.#..# #....#
..##.#..#......#.# #.#..# #.##.#
###..#..########.# #.#..# #.##.#
#...###.#...#....# #.#..# #.##.#
#.#....<....#.#..###.#..# #.##.#
..#...#.###...#......#..####.####


There were no monsters in sight!

Vanquished Creatures
  An adder (D:1)
  3 bats (D:1)
  2 giant cockroaches (D:1)
  4 goblins (D:1)
  4 hobgoblins (D:1)
  2 frilled lizards (D:1)
  2 rats (D:1)
18 creatures vanquished.

Notes
Turn   | Place    | Note
-------+----------+-------------------------------------------
     0 | D:1      | Borgoz the Kobold Gladiator began the quest for the Orb.
     0 | D:1      | Reached XP level 1. HP: 12/12 MP: 1/1
   144 | D:1      | Reached XP level 2. HP: 14/18 MP: 2/2
   221 | D:1      | Reached skill level 1 in Stealth
   275 | D:1      | Found a sparkling altar of Nemelex Xobeh.
   871 | D:1      | Gained mutation: Armour fits poorly on your strangely
                  | shaped body. [potion of mutation]
   871 | D:1      | Gained mutation: You have sharp fingernails. [potion of
                  | mutation]
   871 | D:1      | Gained mutation: Your system is resistant to poisons.
                  | (rPois) [potion of mutation]
   871 | D:1      | Gained mutation: You are robust. (+10% HP) [potion of
                  | mutation]
   874 | D:1      | Reached XP level 3. HP: 4/24 MP: 3/3
   877 | D:1      | HP: 1/24 [poisoned by an adder]
   881 | D:1      | Succumbed to an adder's poison

Levels and vault maps discovered:
D:1:      psy_arrival_radial01, layout_basic, nemelex_diamond_rough_becter
D:2:      layout_rooms

Skill      XL: |  1  2 |
---------------+-------+-----
Stealth        | 1 |  1.5
Fighting       | |  2.5
Short Blades   | |  4.4
Throwing       | |  2.1
Armour         | |  0.7
Dodging        | |  3.9

Action                   || total
-------------------------++-------
Melee: Rapier            ||    55
  Use: Potion            ||     3
 Stab: Sleeping          ||     2
  Eat: Chunk             ||     8
Armor: Leather armour    ||     8
       Skin              ||     2
Dodge: Dodged            ||    54

Table legend:
 A = Non-vault XP
 B = Vault XP
 C = Vault XP percentage of total XP
 D = Non-vault monster count
 E = Vault monster count
 F = Vault count percentage of total count
                 A         B        C        D         E       F
            +---------+---------+-------+---------+---------+-------
      Total |      42 |       0 |   0.0 |      18 |       0 |   0.0
            +---------+---------+-------+---------+---------+-------
        D:1 |      42 |       0 |   0.0 |      18 |       0 |   0.0
            +---------+---------+-------+---------+---------+-------
